 Dungeon Crawl Stone Soup version 0.21.1-1-g345015f (webtiles) character file.

7964 VLARC the Fighter (level 11, -3/65 HPs)
             Began as a Vine Stalker Fighter on Mar 31, 2018.
             Was a High Priest of Okawaru.
             Killed by divine providence
             ... invoked by an orc priest
              (12 damage)
             ... on level 10 of the Dungeon.
             The game lasted 00:23:18 (9264 turns).

VLARC the Fighter (Vine Stalker Fighter)            Turns: 9264, Time: 00:23:19

Health: -3/65      AC: 10    Str: 18    XL:     11   Next: 23%
Magic:  0/12       EV:  6    Int: 15    God:    Okawaru [*****.]
Gold:   397        SH:  9    Dex: 15    Spells: 10/10 levels left

rFire    . . .     SeeInvis .   r - +4 eveningstar (drain)
rCold    . . .     Gourm    .   c - +0 shield
rNeg     . . .     Faith    .   b - +0 scale mail
rPois    .         Spirit   +   u - +0 helmet
rElec    .         Reflect  .   (no cloak)
rCorr    .         Harm     .   j - +1 pair of gloves
MR       +....                  o - +0 pair of boots
Stlth    ..........             (no amulet)
HPRegen  0.60/turn              n - +4 ring of intelligence
MPRegen  0.13/turn              (no ring)

@: drained
A: fangs 3, regeneration 1, magic shield, antimagic bite, no potion heal 3, rot
immunity
a: Heroism, Finesse, Renounce Religion


You were on level 10 of the Dungeon.
You worshipped Okawaru.
Okawaru was extremely pleased with you.
You were hungry.

You visited 2 branches of the dungeon, and saw 11 of its levels.

You collected 445 gold pieces.
You spent 48 gold pieces at shops.

Inventory:

Hand Weapons
 g - a +0 shortbow
 r - a +4 eveningstar of draining (weapon)
 s - a +1 flail of holy wrath
Missiles
 h - 203 arrows
 x - 2 throwing nets (quivered)
Armour
 b - a +0 scale mail (worn)
 c - a +0 shield (worn)
 j - a +1 pair of gloves (worn)
 o - a +0 pair of boots (worn)
 u - a +0 helmet (worn)
 w - a +0 plate armour
 D - a +0 chain mail
Jewellery
 n - a +4 ring of intelligence (left hand)
Wands
 m - a wand of clouds (4)
 B - a wand of flame (38)
Scrolls
 a - 2 scrolls of teleportation
 k - 3 scrolls of magic mapping
 l - 7 scrolls of remove curse
Potions
 d - 2 potions of might
 e - a potion of lignification
 i - a potion of ambrosia
 p - 3 potions of brilliance {unknown}
 q - a potion of cancellation
 t - a potion of mutation {unknown}
 v - a potion of magic {unknown}
 z - 2 potions of curing
 A - 3 potions of flight
 E - a potion of agility
Comestibles
 f - 14 rations
 C - 5 chunks of flesh


   Skills:
 + Level 11.1(10.6) Fighting
 + Level 11.0(10.5) Maces & Flails
 * Level 2.1(1.7) Bows
 - Level 2.6(2.2) Armour
 - Level 2.6(2.2) Shields


You had 10 spell levels left.
You didn't know any spells.

Dungeon Overview and Level Annotations

Branches:
Dungeon (10/15)            Temple (1/1) D:5            Lair (0/6) D:10
    Orc (0/2) D:9

Altars:
Ashenzari
Cheibriados
Dithmenos
Elyvilon
Fedhas
Gozag
Hepliaklqana
Kikubaaqudgha
Makhleb
Nemelex Xobeh
Okawaru
Qazlal
Ru
Sif Muna
Trog
Uskayaw
Vehumet
Wu Jian
Xom
Yredelemnul
Zin
The Shining One

Shops:
D:9 }   D:10 !


Innate Abilities, Weirdness & Mutations

You have razor-sharp teeth.
Your natural rate of healing is unusually fast.
When hurt, damage is shared between your health and your magic reserves.
Your bite disrupts and absorbs the magic of your enemies.
Potions cannot restore your health.
You are immune to rotting.


Message History

* * * LOW HITPOINT WARNING * * *
The orc priest mumbles some strange prayers to Beogh against you.
Beogh smites you!
* * * LOW HITPOINT WARNING * * *
You block the orc's attack.
You sock the orc!
You kill the orc!
Okawaru accepts your kill.
You are feeling hungry.
The orc priest mumbles some strange prayers to Beogh against you.
Pain shoots through your body!
* * * LOW HITPOINT WARNING * * *
The orc wizard gestures wildly while chanting.
The orc wizard flickers and vanishes!
Deactivating autopickup; reactivate with Ctrl-A.
You puncture the orc priest!
The orc priest is severely wounded.
The orc priest invokes the aid of Beogh against you.
Beogh smites you!
You die...

#### #..# ####.8#
###########
#####.....######..........
#......8.∩.8.#{)..........
#.......#.##...#..........
#.......#8##...#.o........
#.......#@#..###..>.......
#.......#.o.## #...)......
#.........### #..........
#.......##### #...###.....
#>..........##..... .....
#####.#####.#....... ####
#.# #..P....### #)#
...........# #)#
...........#


You could see an orc priest.

Vanquished Creatures
  The ghost of aMcNicky the Slinger, a journeyman HaHu of Hepliaklqana (D:8)
  A two-headed ogre (D:8)
  Urug (D:10)
  An unseen horror (D:8)
  Psyche (D:9)
  A wyvern (D:9)
  2 wargs
  The ghost of Mirai the Magician, an amateur DECj (D:4)
  A water moccasin (D:8)
  2 orc warriors
  2 sky beasts
  3 black bears
  4 ice beasts
  A necrophage (D:7)
  3 ogres
  2 centaurs (D:6)
  5 phantoms
  A crocodile (D:9)
  8 bullfrogs
  A gnoll sergeant (D:8)
  2 scorpions
  A water moccasin skeleton (D:7)
  5 killer bees (D:8)
  5 wights (D:8)
  5 howler monkeys
  A crimson imp (D:5)
  2 hounds
  2 quasits
  A centaur zombie (D:9)
  A gnoll shaman (D:7)
  5 orc priests
  A centaur skeleton (D:7)
  8 orc wizards
  3 iguanas
  Natasha (thrice) (D:3)
  6 worker ants
  A hound skeleton (D:5)
  2 worker ant zombies
  18 gnolls
  A howler monkey skeleton (D:5)
  7 adders
  A shadow imp (D:5)
  3 oozes
  2 adder skeletons
  3 adder zombies
  4 worms
  5 dart slugs
  7 leopard geckos
  23 orcs
  A ball python (D:1)
  6 bats
  13 giant cockroaches
  8 goblins
  4 hobgoblins
  10 jackals
  3 kobolds
  6 quokkas
  7 frilled lizards
  A jackal skeleton (D:4)
  A leopard gecko skeleton (D:5)
  A quokka skeleton (D:4)
  8 rats
239 creatures vanquished.

Notes
Turn   | Place    | Note
-------+----------+-------------------------------------------
     0 | D:1      | VLARC the Vine Stalker Fighter began the quest for the Orb.
     0 | D:1      | Reached XP level 1. HP: 11/11 MP: 2/2
    54 | D:1      | Reached XP level 2. HP: 8/16 MP: 0/3
   519 | D:1      | Reached XP level 3. HP: 17/20 MP: 4/4
  1026 | D:2      | Gained mutation: Your natural rate of healing is unusually fast. [Vine Stalker growth]
  1026 | D:2      | Reached XP level 4. HP: 21/25 MP: 5/5
  1251 | D:2      | Found a shimmering altar of Xom.
  1261 | D:2      | Found a stormy altar of Qazlal.
  1769 | D:3      | Reached XP level 5. HP: 21/29 MP: 4/6
  1902 | D:3      | Found a snail-covered altar of Cheibriados.
  2263 | D:3      | Noticed Natasha
  2278 | D:3      | Killed Natasha
  2278 | D:3      | Reached XP level 6. HP: 23/34 MP: 4/7
  2517 | D:3      | Noticed Natasha
  2530 | D:3      | Killed Natasha
  2824 | D:4      | Noticed Mirai's ghost (amateur DECj)
  2881 | D:4      | Killed Mirai's ghost
  2881 | D:4      | Reached skill level 5 in Fighting
  2906 | D:4      | Found a basalt altar of Yredelemnul.
  3155 | D:4      | Found a shadowy altar of Dithmenos.
  3312 | D:4      | Noticed a phantom
  3323 | D:4      | Killed a phantom
  3323 | D:4      | Reached skill level 5 in Maces & Flails
  3323 | D:4      | Reached XP level 7. HP: 39/39 MP: 8/8
  3728 | D:4      | Found an iron altar of Okawaru.
  3735 | D:4      | Became a worshipper of Warmaster Okawaru
  4038 | D:5      | Entered Level 5 of the Dungeon
  4046 | D:5      | Found a shattered altar of Ashenzari.
  4205 | D:5      | Found a staircase to the Ecumenical Temple.
  4238 | Temple   | Entered the Ecumenical Temple
  4437 | D:5      | Gained mutation: You have razor-sharp teeth. [Vine Stalker growth]
  4437 | D:5      | Reached XP level 8. HP: 31/45 MP: 9/9
  4641 | D:5      | Reached * piety under Okawaru
  4731 | D:5      | Found a stormy altar of Qazlal.
  5350 | D:6      | Got a heavily runed buckler
  5361 | D:6      | Identified the cursed -5 buckler of the Bagpipe {+Fly rElec rPois rC++} (You found it on level 6 of the Dungeon)
  5732 | D:6      | Reached ** piety under Okawaru
  5732 | D:6      | Reached XP level 9. HP: 50/51 MP: 10/10
  6044 | D:7      | Found a burning altar of Makhleb.
  6077 | D:7      | Found an ornate altar of the Wu Jian Council.
  6513 | D:8      | Found a hide-covered altar of Uskayaw.
  6516 | D:8      | Noticed a two-headed ogre
  6527 | D:8      | Killed a two-headed ogre
  6527 | D:8      | Reached *** piety under Okawaru
  6665 | D:8      | Reached XP level 10. HP: 23/58 MP: 8/11
  7054 | D:8      | Reached **** piety under Okawaru
  7245 | D:8      | Killed an unseen horror
  7245 | D:8      | Reached skill level 10 in Fighting
  7446 | D:8      | Noticed aMcNicky's ghost (journeyman HaHu)
  7473 | D:8      | Killed aMcNicky's ghost
  7473 | D:8      | Reached skill level 10 in Maces & Flails
  7806 | D:3      | Noticed Natasha
  7810 | D:3      | Killed Natasha
  8216 | D:9      | Found Usucs's Gadget Shoppe.
  8317 | D:9      | Reached ***** piety under Okawaru
  8410 | D:9      | Noticed Psyche
  8428 | D:9      | Killed Psyche
  8428 | D:9      | Reached XP level 11. HP: 64/64 MP: 12/12
  8469 | D:9      | Found a deep blue altar of Sif Muna.
  8495 | D:9      | Found a staircase to the Orcish Mines.
  8837 | D:10     | Entered Level 10 of the Dungeon
  8841 | D:10     | Found a staircase to the Lair.
  8924 | D:10     | Noticed Urug
  9039 | D:10     | Killed Urug
  9039 | D:10     | Reached skill level 1 in Bows
  9212 | D:10     | Received a gift from Okawaru
  9224 | D:10     | Found Ypnie's Distillery.
  9231 | D:10     | Bought a potion of flight for 48 gold pieces
  9264 | D:10     | Killed from afar by an orc priest

Skill      XL: |  1  2  3  4  5  6  7  8  9 10 11 |
---------------+----------------------------------+-----
Maces & Flails | 2 3 4 5 6 7 9 10 11 | 11.0
Fighting       | 3 4 5 6 7 9 10 11 | 11.1
Bows           | 2 |  2.1
Armour         | |  2.6
Shields        | |  2.6

Action                   |  1- 3 |  4- 6 |  7- 9 | 10-12 || total
-------------------------+-------+-------+-------+-------++-------
Melee: Flail             |    83 |   206 |   311 |   234 ||   834
       Bite              |    20 |    60 |   100 |    87 ||   267
       Eveningstar       |       |       |       |    28 ||    28
Throw: Throwing net      |       |       |     1 |     3 ||     4
Invok: Heroism           |       |       |     1 |     5 ||     6
       Finesse           |       |       |       |     1 ||     1
Evoke: Wand              |       |       |       |    11 ||    11
  Use: Scroll            |       |     9 |     4 |     5 ||    18
       Potion            |       |       |     1 |     4 ||     5
 Stab: Held in net/web   |       |       |       |     1 ||     1
  Eat: Chunk             |       |     8 |    11 |     5 ||    24
       Ration            |       |       |       |     1 ||     1
Armor: Scale mail        |    38 |    90 |   126 |    90 ||   344
       Skin              |       |       |     8 |       ||     8
Dodge: Dodged            |    28 |    65 |   103 |    35 ||   231
Block: Shield            |    48 |   107 |   150 |    87 ||   392
